[Event "Ostravsky Konik-A 2019"]
[Site "Ostrava"]
[Date "2019.04.28"]
[Round "2.1"]
[White "Sernecki, Franciszek"]
[Black "Boleslav, Petr"]
[Result "1-0"]
[ECO "B08"]
[WhiteElo "2259"]
[BlackElo "2032"]
[Annotator "NA"]
[PlyCount "47"]
[EventDate "2019.04.27"]
[EventType "swiss"]
[EventCountry "CZE"]
[SourceTitle "playchess.com"]
[Source "ChessBase"]
[SourceQuality "1"]
[TimeControl "40/5400+30:1800+30"]

1. e4 d6 2. d4 Nf6 3. Nc3 g6 4. Nf3 Bg7 5. Be2 O-O 6. O-O c6 7. a4 a5 8. e5 Ne8 9. Bf4 Na6 10. Qd2 Nb4 11. Nd1 dxe5 12. Bxe5 Nd6 13. c3 Nd5 14. Bxg7 Kxg7 15. Ne3 Nf6 $14 16. Ne5 Be6 17. f4 Nde4 18. Qc2 Qb6 19. Bd3 Bb3 20. Qe2 Nd6 21. Ra3 c5 22. dxc5 Qxc5 23. Rxb3 Nd5 24. Rf3 1-0

[Event "Ostravsky Konik-A 2019"]
[Site "Ostrava"]
[Date "2019.04.28"]
[Round "2.2"]
[White "Vesely, Libor"]
[Black "Pavera, Vit"]
[Result "1-0"]
[ECO "B34"]
[WhiteElo "2214"]
[BlackElo "2026"]
[Annotator "NA"]
[PlyCount "53"]
[EventDate "2019.04.27"]
[EventType "swiss"]
[EventCountry "CZE"]
[SourceTitle "playchess.com"]
[Source "ChessBase"]
[SourceQuality "1"]
[TimeControl "40/5400+30:1800+30"]

1. e4 c5 2. Nf3 Nc6 3. d4 cxd4 4. Nxd4 g6 5. Nc3 Bg7 6. Be3 Nf6 7. Be2 O-O 8. O-O d5 9. exd5 Nxd5 10. Nxd5 Qxd5 11. Bf3 Qd6 12. Nxc6 bxc6 13. Qxd6 exd6 14. Bxc6 Rb8 15. Rab1 Bf5 {[%emt 0:14:11] [#]} 16. b4 $16 ({Much less strong is} 16. Bxa7 Rbc8 $14) 16... Rbc8 17. b5 a6 18. Bb7 Rxc2 19. bxa6 Rxa2 20. Rbd1 Bc8 21. Bxc8 Rxc8 22. a7 Be5 23. f4 Re2 24. fxe5 Rxe3 25. Rb1 Rxe5 26. Rb8 Ree8 27. Rfb1 1-0

[Event "Ostravsky Konik-A 2019"]
[Site "Ostrava"]
[Date "2019.04.28"]
[Round "2.4"]
[White "Chlevistan, Jakub"]
[Black "Muzik, Martin"]
[Result "1/2-1/2"]
[ECO "A41"]
[WhiteElo "2047"]
[BlackElo "2160"]
[Annotator "NA"]
[PlyCount "101"]
[EventDate "2019.04.27"]
[EventType "swiss"]
[EventCountry "CZE"]
[SourceTitle "playchess.com"]
[Source "ChessBase"]
[SourceQuality "1"]
[TimeControl "40/5400+30:1800+30"]

1. Nf3 d6 2. d4 Bg4 3. e4 Nf6 4. Nc3 e6 5. h3 Bh5 6. Be2 Be7 7. O-O d5 8. exd5 Nxd5 9. Nxd5 Qxd5 10. c4 Qd6 11. Ne5 Bxe2 12. Qxe2 Nc6 13. Nxc6 bxc6 14. Rd1 O-O 15. Qf3 c5 16. dxc5 Qxc5 17. b3 Bf6 18. Be3 Qa3 19. Bd4 e5 20. Bc3 e4 21. Qe3 Bxc3 22. Qxc3 Qe7 23. Rd5 Rad8 24. Rad1 f5 25. Qd4 Rxd5 26. Qxd5+ Kh8 27. Qd7 Qe5 28. Rd5 Qf4 29. g3 Qc1+ 30. Rd1 Qc2 31. Qd2 Qxd2 32. Rxd2 Kg8 33. Rd5 Rf7 34. c5 g6 35. c6 Kf8 36. Ra5 Ke7 37. b4 Kd6 38. b5 Re7 39. Rxa7 Re5 40. a4 Rc5 41. Ra8 Rc1+ 42. Kg2 Rc2 43. Kf1 Ra2 44. Rd8+ Kc5 45. Rd7 Kb6 46. Rxh7 Rxa4 47. Rg7 Ra1+ 48. Ke2 Ra2+ 49. Ke3 Ra3+ 50. Ke2 Ra2+ 51. Ke3 1/2-1/2

[Event "Ostravsky Konik-A 2019"]
[Site "Ostrava"]
[Date "2019.04.28"]
[Round "2.5"]
[White "Shilov, Sergej"]
[Black "Gnojek, Petr"]
[Result "0-1"]
[ECO "B81"]
[WhiteElo "2158"]
[BlackElo "2016"]
[Annotator "NA"]
[PlyCount "42"]
[EventDate "2019.04.27"]
[EventType "swiss"]
[EventCountry "CZE"]
[SourceTitle "playchess.com"]
[Source "ChessBase"]
[SourceQuality "1"]
[TimeControl "40/5400+30:1800+30"]

1. e4 c5 2. Nf3 d6 3. d4 cxd4 4. Nxd4 Nf6 5. Nc3 e6 6. g4 h6 7. g5 hxg5 8. Bxg5 Be7 9. Qd2 a6 10. f4 Nbd7 11. O-O-O Qc7 12. h4 b5 13. a3 Bb7 14. Bg2 Nb6 15. e5 dxe5 16. fxe5 Nc4 17. Qe2 Nd7 18. Ndxb5 axb5 19. Nxb5 Qc5 20. Bxe7 Qxb5 21. Bb4 Qxb4 0-1

[Event "Ostravsky Konik-A 2019"]
[Site "Ostrava"]
[Date "2019.04.28"]
[Round "2.6"]
[White "Kalinowska, Zuzanna"]
[Black "Lys, Josef"]
[Result "1/2-1/2"]
[ECO "D11"]
[WhiteElo "2046"]
[BlackElo "2151"]
[Annotator "NA"]
[PlyCount "130"]
[EventDate "2019.04.27"]
[EventType "swiss"]
[EventCountry "CZE"]
[SourceTitle "playchess.com"]
[Source "ChessBase"]
[SourceQuality "1"]
[TimeControl "40/5400+30:1800+30"]

1. d4 d5 2. c4 c6 3. Nf3 Nf6 4. e3 g6 5. Nbd2 Bg7 6. Bd3 O-O 7. O-O Bg4 {[%emt 0:03:50] D70: Grünfeld: Unusual White 3rd moves (met by ...d5)} (7... Nbd7 8. b3 b6 9. a4 a5 10. e4 dxe4 11. Nxe4 Bb7 12. Bb2 c5 13. Re1 Rc8 14. Qe2 cxd4 15. Bxd4 Nc5 16. Bxc5 bxc5 {1-0 (59) Nakamura,H (2785)-Caruana,F (2808) Stavanger 2017}) 8. b3 Re8 9. Bb2 Nbd7 10. Qc2 Bxf3 11. Nxf3 e6 $146 ({Predecessor:} 11... Rc8 12. Rad1 Qc7 {½-½ (22) Werner,A (2123)-Guenther,C (2115) Germany 2013}) 12. Rfe1 Qc7 13. Rac1 Rad8 14. b4 Bf8 15. b5 cxb5 16. cxd5 Qxc2 17. Rxc2 Nxd5 18. Bxb5 a6 19. Bxd7 Rxd7 20. Ne5 Rc7 21. Rxc7 Nxc7 22. Rc1 Na8 23. Kf1 Rd8 24. Ke2 f6 25. Nd3 Kf7 26. Nc5 Rc8 27. Na4 Rxc1 28. Bxc1 b5 29. Nb2 Nb6 30. Kd2 Bd6 31. h3 Ke7 32. Kc2 e5 33. dxe5 Bxe5 34. Nd3 Bd6 35. Bd2 Nc4 36. Bb4 a5 37. Bc5 Ke6 38. Kc3 Kd5 39. Bxd6 Nxd6 40. f3 Nb7 41. e4+ Kd6 42. Kd4 Nd8 43. f4 Ne6+ 44. Kc3 Kc6 45. g3 Nc5 46. Nf2 Na4+ 47. Kd4 b4 48. Nd1 Nb6 49. Nb2 Nc8 50. e5 fxe5+ 51. fxe5 Ne7 52. Kc4 Nd5 53. Na4 Ne3+ 54. Kd3 Nf1 55. g4 Kd5 56. Nb6+ Kxe5 57. Nc4+ Kd5 58. Nxa5 Ng3 59. Nc4 Ne4 60. Ne3+ Ke5 61. Nd1 Nd6 62. Ke3 Kd5 63. Kd3 Ne4 64. Ne3+ $11 Ke5 65. Nd1 Nd6 {[%emt 0:00:31] Ke4+} 1/2-1/2

[Event "Ostravsky Konik-A 2019"]
[Site "Ostrava"]
[Date "2019.04.28"]
[Round "2.7"]
[White "Janiszewski, Maciej"]
[Black "Stalmach, Richard"]
[Result "0-1"]
[ECO "B20"]
[WhiteElo "2145"]
[BlackElo "1991"]
[Annotator "NA"]
[PlyCount "74"]
[EventDate "2019.04.27"]
[EventType "swiss"]
[EventCountry "CZE"]
[SourceTitle "playchess.com"]
[Source "ChessBase"]
[SourceQuality "1"]
[TimeControl "40/5400+30:1800+30"]

1. e4 c5 2. b3 Nc6 3. Bb2 d6 4. Bb5 Bd7 5. f4 Nf6 6. Qe2 e6 7. Nf3 Be7 8. c4 a6 9. Bxc6 Bxc6 10. Nc3 Qc7 11. d4 d5 12. cxd5 exd5 13. e5 Ne4 14. Nxe4 dxe4 15. Nd2 cxd4 16. Bxd4 Rd8 17. Qe3 Bb4 18. Rd1 O-O 19. O-O Bb5 20. Bb6 Qc2 21. Bxd8 Bc5 22. Nc4 Bxe3+ 23. Nxe3 Qc8 24. Be7 Re8 25. Rc1 Qe6 26. Bd6 Bxf1 27. Rxf1 Qc8 28. f5 Qc3 29. Ng4 h5 30. Nf2 e3 31. Nd1 Qd4 32. Re1 e2+ 33. Nf2 Qd2 34. Bb4 Qxb4 35. Rxe2 Qd4 36. Re4 Qa1+ 37. Re1 Qxe1# 0-1

[Event "Ostravsky Konik-A 2019"]
[Site "Ostrava"]
[Date "2019.04.28"]
[Round "2.8"]
[White "Nguyen, Thai Dai Vinh"]
[Black "Mica, Marek"]
[Result "0-1"]
[ECO "B11"]
[WhiteElo "1956"]
[BlackElo "2139"]
[Annotator "NA"]
[PlyCount "82"]
[EventDate "2019.04.27"]
[EventType "swiss"]
[EventCountry "CZE"]
[SourceTitle "playchess.com"]
[Source "ChessBase"]
[SourceQuality "1"]
[TimeControl "40/5400+30:1800+30"]

1. e4 c6 2. Nc3 d5 3. Nf3 Bg4 4. h3 Bxf3 5. Qxf3 e6 6. d3 Nf6 7. Bd2 Nbd7 8. O-O-O Qc7 9. g4 h6 10. Bg2 O-O-O 11. Rhe1 d4 12. Ne2 c5 13. Kb1 Bd6 14. Bh1 Ne5 15. Qg2 Ng6 16. g5 Nh5 17. gxh6 gxh6 18. Qf3 Nhf4 19. Nxf4 Bxf4 20. Bxf4 Qxf4 21. e5 Qxf3 22. Bxf3 b6 23. Bh5 Nf4 24. Bf3 Nxh3 25. Rd2 Kd7 26. Bg4 Nf4 27. Re4 Nd5 28. Rd1 Rdg8 29. Bh3 Ke7 30. a3 Rg5 31. Rde1 Rh5 32. Bg4 Rh2 33. Rf1 Rg8 34. Kc1 Rg5 35. Bd1 Rf5 36. Re2 Nf4 37. Re4 Ng6 38. f4 Rh4 39. b4 Rhxf4 40. Rfxf4 Rxf4 41. Rxf4 Nxf4 0-1

[Event "Ostravsky Konik-A 2019"]
[Site "Ostrava"]
[Date "2019.04.29"]
[Round "3.4"]
[White "Nehyba, Martin"]
[Black "Stalmach, Richard"]
[Result "1/2-1/2"]
[ECO "B08"]
[WhiteElo "2113"]
[BlackElo "1991"]
[Annotator "NA RC"]
[PlyCount "95"]
[EventDate "2019.04.27"]
[EventType "swiss"]
[EventCountry "CZE"]
[SourceTitle "playchess.com"]
[Source "ChessBase"]
[SourceQuality "1"]
[TimeControl "40/5400+30:1800+30"]

1. e4 d6 2. Nc3 Nf6 3. Nf3 g6 4. d4 Bg7 5. h3 O-O 6. Be3 b6 7. Bd3 Nc6 8. Qd2 Bb7 9. Bh6 Nb4 10. Bxg7 Nxd3+ 11. Qxd3 Kxg7 12. O-O-O c5 13. e5 Nh5 14. dxc5 bxc5 15. Qe3 Qb6 16. Nd5 Bxd5 17. Rxd5 Rab8 18. b3 c4 19. exd6 Qxe3+ 20. fxe3 cxb3 21. axb3 Rfd8 22. Rhd1 Nf6 23. R5d4 exd6 24. Rxd6 Re8 25. Re1 Rb7 26. Nd2 Rbe7 27. Nc4 Ne4 28. Ra6 h5 29. Kb2 Rb8 30. Rea1 Rbb7 31. Na5 Rb6 32. Nc6 Re6 33. Rxb6 axb6 34. Nd4 Rf6 35. Re1 g5 36. g4 Nf2 37. Nf5+ Kg6 38. Ne7+ Kg7 39. Nf5+ Kg6 40. Ne7+ Kh7 41. gxh5 Nxh3 42. Nd5 Rd6 43. c4 Kh6 44. Rf1 g4 45. e4 Kxh5 46. Rxf7 g3 47. Ne3 Rd2+ 48. Kc3 1/2-1/2

[Event "Ostravsky Konik-A 2019"]
[Site "Ostrava"]
[Date "2019.04.29"]
[Round "3.7"]
[White "Lys, Josef"]
[Black "Chlevistan, Jakub"]
[Result "0-1"]
[ECO "E19"]
[WhiteElo "2151"]
[BlackElo "2047"]
[Annotator "NA RC"]
[PlyCount "86"]
[EventDate "2019.04.27"]
[EventType "swiss"]
[EventCountry "CZE"]
[SourceTitle "playchess.com"]
[Source "ChessBase"]
[SourceQuality "1"]
[TimeControl "40/5400+30:1800+30"]

1. d4 Nf6 2. c4 e6 3. Nf3 b6 4. g3 Bb7 5. Bg2 Be7 6. O-O O-O 7. Nc3 Ne4 8. Qc2 Nxc3 9. Qxc3 c5 10. dxc5 bxc5 11. Bf4 d6 12. Rad1 Qc7 13. Rd2 h6 14. g4 Nd7 15. Rfd1 Nf6 16. Qb3 e5 17. Bg3 Rab8 18. Qc2 Ne4 19. h4 Nxd2 20. Qxd2 e4 21. Ne1 e3 22. Qxe3 Bxg2 23. Nxg2 Rxb2 24. g5 hxg5 25. hxg5 Rfb8 26. Kh2 Bf8 27. g6 fxg6 28. Nf4 Qf7 29. Rd5 Re8 30. Qa3 Rb4 31. Rg5 Rxc4 32. Nxg6 Rxe2 33. Qd3 Rcc2 34. Nxf8 Rxf2+ 35. Kh3 Kxf8 36. Bxf2 Rxf2 37. Qxd6+ Kg8 38. Qxc5 Qf3+ 39. Rg3 Qh1+ 40. Kg4 Qe4+ 41. Kh3 Qh7+ 42. Kg4 Qg6+ 43. Kh3 Qh6+ 0-1

[Event "Ostravsky Konik-A 2019"]
[Site "Ostrava"]
[Date "2019.04.30"]
[Round "4.1"]
[White "Sernecki, Franciszek"]
[Black "Mica, Marek"]
[Result "1/2-1/2"]
[ECO "C03"]
[WhiteElo "2259"]
[BlackElo "2139"]
[Annotator "NA"]
[PlyCount "140"]
[EventDate "2019.04.27"]
[EventType "swiss"]
[EventCountry "CZE"]
[SourceTitle "playchess.com"]
[Source "ChessBase"]
[SourceQuality "1"]
[TimeControl "40/5400+30:1800+30"]

1. e4 e6 2. d4 d5 3. Nd2 Be7 4. Ngf3 Nf6 5. Bd3 c5 6. dxc5 dxe4 7. Nxe4 Nxe4 8. Bxe4 Qxd1+ 9. Kxd1 Bxc5 10. Ke2 f5 11. Bd3 Nc6 12. Bf4 Bd7 $11 13. c3 O-O-O 14. Rhe1 h6 15. Kf1 g5 16. Be5 Rh7 17. Rad1 g4 18. Nd4 Nxe5 19. Rxe5 Bxd4 20. cxd4 Kc7 21. Bc4 Kd6 22. Rde1 Re7 23. Ke2 Bc6 24. Kd2 Bxg2 25. Rxe6+ Rxe6 26. Rxe6+ Kc7 27. Kc3 Rd6 28. Re5 f4 29. Rf5 g3 30. hxg3 fxg3 31. fxg3 Rg6 32. Rf7+ Kd6 33. g4 Rxg4 34. Rf6+ Kc7 35. Rxh6 Rg3+ 36. Kd2 Rg4 37. Kc3 Rg3+ 38. Kd2 Rg4 39. Ke3 Bc6 40. Rh2 Kd6 41. Rh6+ Kc7 42. Rh2 Kd6 43. a3 Rg3+ 44. Kd2 Rg4 45. Kc3 Rg3+ 46. Kc2 Rg4 47. Rd2 Rh4 48. Kc3 Rh5 49. Rd3 Rf5 50. Re3 Rg5 51. Bd3 Rg4 52. Bf5 Rf4 53. Be6 Rh4 54. Bf7 Rf4 55. Ba2 Rf5 56. Bb1 Rf4 57. b3 Bd5 58. Bd3 Bc6 59. a4 Rh4 60. Rg3 Rh5 61. Rg6+ Kc7 62. Re6 Rh4 63. Kc4 Rf4 64. Kc5 Kd7 65. Rh6 b6+ 66. Kc4 a6 67. Rh7+ Kd6 68. Ra7 a5 69. Rg7 Bd5+ 70. Kc3 Rf3 1/2-1/2

[Event "Ostravsky Konik-A 2019"]
[Site "Ostrava"]
[Date "2019.04.30"]
[Round "4.2"]
[White "Ruzicka, Petr"]
[Black "Gnojek, Petr"]
[Result "1/2-1/2"]
[ECO "A04"]
[WhiteElo "2202"]
[BlackElo "2016"]
[Annotator "NA"]
[PlyCount "27"]
[EventDate "2019.04.27"]
[EventType "swiss"]
[EventCountry "CZE"]
[SourceTitle "playchess.com"]
[Source "ChessBase"]
[SourceQuality "1"]
[TimeControl "40/5400+30:1800+30"]

1. Nf3 d6 2. g3 f5 3. d4 Nf6 4. Bg2 g6 5. O-O Bg7 6. a4 O-O 7. b3 c5 8. Bb2 Ne4 9. e3 Nc6 10. Nbd2 d5 11. Ne5 Nxe5 12. dxe5 b6 13. f3 Nxd2 14. Qxd2 1/2-1/2

[Event "Ostravsky Konik-A 2019"]
[Site "Ostrava"]
[Date "2019.04.30"]
[Round "4.3"]
[White "Stalmach, Richard"]
[Black "Muzik, Martin"]
[Result "1-0"]
[ECO "A41"]
[WhiteElo "1991"]
[BlackElo "2160"]
[Annotator "NA"]
[PlyCount "69"]
[EventDate "2019.04.27"]
[EventType "swiss"]
[EventCountry "CZE"]
[SourceTitle "playchess.com"]
[Source "ChessBase"]
[SourceQuality "1"]
[TimeControl "40/5400+30:1800+30"]

1. d4 d6 2. Nf3 Bg4 3. c4 Bxf3 4. gxf3 Nd7 5. e4 g6 6. Nc3 Bg7 7. Be3 c5 8. d5 Bxc3+ 9. bxc3 Qa5 10. Qb3 O-O-O 11. Be2 Ngf6 12. O-O Kb8 13. Qc2 g5 14. Kh1 h6 15. f4 Rdg8 16. Rg1 Nh7 17. Bg4 Qc7 18. Bf5 Ndf6 19. e5 e6 20. Bd3 dxe5 21. fxe5 Qxe5 22. Bxc5 Qc7 23. Be3 Nf8 24. Rad1 N8d7 25. Bf1 Rc8 26. d6 Qc6+ 27. Bg2 Qxc4 28. Rb1 b6 29. Rb3 Nd5 30. Rd1 Nc5 31. Ra3 Qg4 32. Rd4 Qh5 33. c4 Nf6 34. Qb1 Rhd8 35. Qxb6+ 1-0

[Event "Ostravsky Konik-A 2019"]
[Site "Ostrava"]
[Date "2019.04.30"]
[Round "4.4"]
[White "Orzechowski, Jacek"]
[Black "Nehyba, Martin"]
[Result "1/2-1/2"]
[ECO "A81"]
[WhiteElo "2139"]
[BlackElo "2113"]
[Annotator "NA"]
[PlyCount "48"]
[EventDate "2019.04.27"]
[EventType "swiss"]
[EventCountry "CZE"]
[SourceTitle "playchess.com"]
[Source "ChessBase"]
[SourceQuality "1"]
[TimeControl "40/5400+30:1800+30"]

1. d4 f5 2. g3 g6 3. Bg2 Bg7 4. Nf3 Nf6 5. c4 d6 6. Nc3 c6 7. d5 e5 8. dxe6 Bxe6 9. Bf4 Bxc4 10. Bxd6 Ne4 11. Be5 Qxd1+ 12. Nxd1 O-O 13. Bxg7 Kxg7 14. Ne5 Nd6 15. Nc3 Be6 16. O-O-O Nf7 17. Nd3 Na6 18. Nf4 Nc7 19. e4 fxe4 20. Bxe4 Rad8 21. Rhe1 Bc8 22. Rxd8 Rxd8 23. Bc2 Re8 24. Rxe8 Nxe8 1/2-1/2

[Event "Ostravsky Konik-A 2019"]
[Site "Ostrava"]
[Date "2019.04.30"]
[Round "4.5"]
[White "Chlevistan, Jakub"]
[Black "Mrva, Marek"]
[Result "0-1"]
[ECO "B39"]
[WhiteElo "2047"]
[BlackElo "2125"]
[Annotator "NA"]
[PlyCount "62"]
[EventDate "2019.04.27"]
[EventType "swiss"]
[EventCountry "CZE"]
[SourceTitle "playchess.com"]
[Source "ChessBase"]
[SourceQuality "1"]
[TimeControl "40/5400+30:1800+30"]

1. Nf3 c5 2. c4 Nc6 3. d4 cxd4 4. Nxd4 g6 5. e4 Bg7 6. Be3 Nf6 7. Nc3 Ng4 8. Qxg4 Nxd4 9. Qd1 Ne6 10. Qd2 Qa5 11. Rc1 b6 12. Be2 Bb7 13. f3 g5 14. O-O Qe5 15. Rcd1 Bc6 16. g3 Rg8 17. Kf2 Bf6 18. Ke1 d6 19. Rb1 Nd4 20. f4 gxf4 21. gxf4 Qc5 22. Bf2 Rg2 23. Rd1 a5 24. e5 Rxf2 25. Rxf2 dxe5 26. fxe5 Bxe5 27. Nb5 O-O-O 28. Na7+ Kb8 29. b4 axb4 30. Nxc6+ Qxc6 31. Bd3 Nf3+ 0-1

[Event "Ostravsky Konik-A 2019"]
[Site "Ostrava"]
[Date "2019.04.30"]
[Round "4.6"]
[White "Skola, Miroslav"]
[Black "Matras, Ondrej"]
[Result "1/2-1/2"]
[ECO "C17"]
[WhiteElo "2070"]
[BlackElo "2221"]
[Annotator "NA"]
[PlyCount "80"]
[EventDate "2019.04.27"]
[EventType "swiss"]
[EventCountry "CZE"]
[SourceTitle "playchess.com"]
[Source "ChessBase"]
[SourceQuality "1"]
[TimeControl "40/5400+30:1800+30"]

1. e4 e6 2. d4 d5 3. Nc3 Bb4 4. e5 c5 5. a3 Ba5 6. b4 cxd4 7. Qg4 Kf8 8. Nb5 Bb6 9. Bd3 Nc6 10. f4 f5 11. Qe2 Nh6 12. Nf3 a6 13. Nd6 Bc7 14. Nxc8 Qxc8 15. Bb2 Bb6 16. h3 Nf7 17. Qf2 g6 18. Nxd4 Nxd4 19. Bxd4 Bxd4 20. Qxd4 Qc7 21. c4 dxc4 22. Qxc4 Qxc4 23. Bxc4 Ke7 24. Kf2 Rac8 25. Rac1 Rhd8 26. Ke3 Rd7 27. Be2 Rdc7 28. Kd2 Nd8 29. Bf3 Nc6 30. Bxc6 Rxc6 31. Rxc6 Rxc6 32. h4 Rc4 33. g3 h5 34. Rc1 Rxc1 35. Kxc1 Kd7 36. Kc2 Kc6 37. a4 Kd5 38. Kc3 b6 39. Kd3 a5 40. b5 Kc5 {[%emt 0:00:11] Ke4} 1/2-1/2

[Event "Ostravsky Konik-A 2019"]
[Site "Ostrava"]
[Date "2019.04.30"]
[Round "4.7"]
[White "Vesely, Libor"]
[Black "Boleslav, Petr"]
[Result "1-0"]
[ECO "B00"]
[WhiteElo "2214"]
[BlackElo "2032"]
[Annotator "NA"]
[PlyCount "55"]
[EventDate "2019.04.27"]
[EventType "swiss"]
[EventCountry "CZE"]
[SourceTitle "playchess.com"]
[Source "ChessBase"]
[SourceQuality "1"]
[TimeControl "40/5400+30:1800+30"]

1. e4 d6 2. Nc3 g6 3. f4 Bg7 4. Nf3 a6 5. a4 c5 6. Bc4 Nf6 7. d3 Nc6 8. h3 Nd4 9. O-O O-O 10. Nxd4 cxd4 11. Ne2 Ne8 12. f5 Nc7 13. Nf4 e6 14. Qf3 Rb8 15. Nh5 gxh5 16. f6 Bxf6 17. Qxf6 Qxf6 18. Rxf6 d5 19. Bb3 Ne8 20. Rh6 dxe4 21. dxe4 f5 22. Bf4 Kg7 23. Rxh5 Kg6 24. Rh6+ Kg7 25. Rh4 Ra8 26. Bh6+ Kg8 27. Bxf8 Kxf8 28. exf5 1-0

[Event "Ostravsky Konik-A 2019"]
[Site "Ostrava"]
[Date "2019.04.30"]
[Round "4.8"]
[White "Janiszewski, Maciej"]
[Black "Pavera, Vit"]
[Result "1-0"]
[ECO "A06"]
[WhiteElo "2145"]
[BlackElo "2026"]
[Annotator "NA"]
[PlyCount "63"]
[EventDate "2019.04.27"]
[EventType "swiss"]
[EventCountry "CZE"]
[SourceTitle "playchess.com"]
[Source "ChessBase"]
[SourceQuality "1"]
[TimeControl "40/5400+30:1800+30"]

1. Nf3 d5 2. d4 e6 3. c4 c6 4. Qc2 Nf6 5. g3 Be7 6. Bg2 O-O 7. O-O Nbd7 8. Rd1 Ne4 9. Nfd2 f5 10. f3 Nd6 11. b3 Nf6 12. Nc3 Nf7 13. Nf1 Qc7 14. Bf4 Bd6 15. Bxd6 Nxd6 16. e4 fxe4 17. fxe4 Ng4 18. h3 Nf2 19. e5 Nxc4 20. bxc4 Nxd1 21. Rxd1 b5 22. cxb5 cxb5 23. Ne3 Rb8 24. Qb3 Bd7 25. Ne2 Rfc8 26. h4 Qb6 27. Bh3 Qb7 28. Nf4 Re8 29. Nd3 Kh8 30. Nc5 Qc8 31. Nxd5 Bc6 32. Nf4 1-0

[Event "Ostravsky Konik-A 2019"]
[Site "Ostrava"]
[Date "2019.05.01"]
[Round "5.1"]
[White "Gnojek, Petr"]
[Black "Sernecki, Franciszek"]
[Result "1/2-1/2"]
[ECO "D43"]
[WhiteElo "2016"]
[BlackElo "2259"]
[Annotator "NA"]
[PlyCount "70"]
[EventDate "2019.04.27"]
[EventType "swiss"]
[EventCountry "CZE"]
[SourceTitle "playchess.com"]
[Source "ChessBase"]
[SourceQuality "1"]
[TimeControl "40/5400+30:1800+30"]

1. d4 Nf6 2. c4 e6 3. Nf3 d5 4. Nc3 c6 5. Bg5 Nbd7 6. cxd5 exd5 7. e3 Qa5 8. Nd2 Bb4 9. Qc2 O-O 10. Be2 Ne4 11. Ndxe4 dxe4 12. Bh4 f5 13. O-O-O Nb6 14. Qb3+ Nd5 15. Nxd5 cxd5 16. Bg3 Rf6 17. Kb1 Bd7 18. a3 Bf8 19. Qxb7 Rb6 20. Bc7 Rxb7 21. Bxa5 Bxa3 22. Rd2 Rab8 23. Bc3 Bb5 24. bxa3 Bxe2+ 25. Rb2 Bd3+ 26. Ka2 Bc4+ 27. Ka1 Rb3 28. Rxb3 Rxb3 29. Bb4 a5 30. Bc5 Rd3 31. Rb1 Bb3 32. Kb2 Ba4 33. Ka2 Kf7 34. Bb6 Rd2+ 35. Rb2 Rxb2+ 1/2-1/2

[Event "Ostravsky Konik-A 2019"]
[Site "Ostrava"]
[Date "2019.05.01"]
[Round "5.2"]
[White "Mica, Marek"]
[Black "Stalmach, Richard"]
[Result "1-0"]
[ECO "A41"]
[WhiteElo "2139"]
[BlackElo "1991"]
[Annotator "NA"]
[PlyCount "107"]
[EventDate "2019.04.27"]
[EventType "swiss"]
[EventCountry "CZE"]
[SourceTitle "playchess.com"]
[Source "ChessBase"]
[SourceQuality "1"]
[TimeControl "40/5400+30:1800+30"]

1. d4 d6 2. Nf3 g6 3. g3 Bg7 4. Bg2 Nf6 5. c4 O-O 6. O-O Nbd7 7. Nc3 c5 8. d5 Nb6 9. Qd3 e6 10. e4 exd5 11. cxd5 Nfd7 12. Bf4 c4 13. Qc2 Nc5 14. Nb5 Nxe4 15. Qxe4 Bf5 16. Qe2 Bd3 17. Qd2 Nxd5 18. Bxd6 Re8 19. Rfe1 Qb6 20. a4 a6 21. Rxe8+ Rxe8 22. Qg5 axb5 23. Qxd5 Be4 24. Qxb5 Qxb5 25. axb5 Bxb2 26. Re1 c3 27. Nd4 Bc6 28. Rxe8+ Bxe8 29. Bxb7 Bxb5 30. Nxb5 c2 31. Bf4 Kf8 32. Kg2 c1=Q 33. Bxc1 Bxc1 34. Bd5 Ke7 35. f4 Bb2 36. Kf3 h6 37. Bb3 Bc1 38. Nd4 f6 39. f5 g5 40. Kg4 Be3 41. Ne2 Kf8 42. Kh5 Kg7 43. Ba4 Bc5 44. Be8 Be3 45. Nc3 Bg1 46. h3 Bf2 47. Ne4 Be1 48. Kg4 Bb4 49. Kf3 Ba3 50. Bg6 Bb2 51. Nc5 Kf8 52. Kg4 Ke7 53. Kh5 Be5 54. Ne4 1-0

[Event "Ostravsky Konik-A 2019"]
[Site "Ostrava"]
[Date "2019.05.01"]
[Round "5.3"]
[White "Mrva, Marek"]
[Black "Vesely, Libor"]
[Result "1/2-1/2"]
[ECO "B34"]
[WhiteElo "2125"]
[BlackElo "2214"]
[Annotator "NA"]
[PlyCount "71"]
[EventDate "2019.04.27"]
[EventType "swiss"]
[EventCountry "CZE"]
[SourceTitle "playchess.com"]
[Source "ChessBase"]
[SourceQuality "1"]
[TimeControl "40/5400+30:1800+30"]

1. e4 c5 2. Nf3 Nc6 3. d4 cxd4 4. Nxd4 g6 5. Nc3 Bg7 6. Be3 Nf6 7. Nxc6 bxc6 8. e5 Ng8 9. f4 Nh6 10. Qd2 O-O 11. O-O-O d5 12. h3 f6 13. exf6 Bxf6 14. Bc4 Nf7 15. Bb3 Qc7 16. Rhe1 e5 17. fxe5 Bxe5 18. Kb1 Ba6 19. Na4 Rad8 20. Nc5 Bc8 21. Rf1 Nd6 22. g4 Rxf1 23. Rxf1 Rf8 24. Rxf8+ Kxf8 25. Bh6+ Ke8 26. a3 Qe7 27. Ba4 Bd7 28. Qf2 Qf6 29. Qe2 Nf7 30. Bc1 Qe7 31. Nd3 Bd4 32. Qh2 Ne5 33. Qf4 c5 34. Bxd7+ Kxd7 35. Nxe5+ Bxe5 36. Qf3 1/2-1/2

[Event "Ostravsky Konik-A 2019"]
[Site "Ostrava"]
[Date "2019.05.01"]
[Round "5.4"]
[White "Krajina, Ales"]
[Black "Ruzicka, Petr"]
[Result "1/2-1/2"]
[ECO "B08"]
[WhiteElo "2119"]
[BlackElo "2202"]
[Annotator "NA"]
[PlyCount "31"]
[EventDate "2019.04.27"]
[EventType "swiss"]
[EventCountry "CZE"]
[SourceTitle "playchess.com"]
[Source "ChessBase"]
[SourceQuality "1"]
[TimeControl "40/5400+30:1800+30"]

1. e4 d6 2. d4 Nf6 3. Nc3 g6 4. h3 Bg7 5. Nf3 a6 6. Bd3 O-O 7. e5 dxe5 8. dxe5 Nd5 9. Nxd5 Qxd5 10. Qe2 Nc6 11. Bc4 Qc5 12. Be3 Qa5+ 13. Bd2 Qc5 14. Be3 Qa5+ 15. Bd2 Qc5 16. Be3 1/2-1/2

[Event "Ostravsky Konik-A 2019"]
[Site "Ostrava"]
[Date "2019.05.01"]
[Round "5.5"]
[White "Nehyba, Martin"]
[Black "Janiszewski, Maciej"]
[Result "1-0"]
[ECO "B01"]
[WhiteElo "2113"]
[BlackElo "2145"]
[Annotator "NA"]
[PlyCount "53"]
[EventDate "2019.04.27"]
[EventType "swiss"]
[EventCountry "CZE"]
[SourceTitle "playchess.com"]
[Source "ChessBase"]
[SourceQuality "1"]
[TimeControl "40/5400+30:1800+30"]

1. e4 d5 2. exd5 Nf6 3. Bb5+ Nbd7 4. c4 a6 5. Ba4 b5 6. cxb5 Nxd5 7. Nc3 N5b6 8. Bb3 axb5 9. Nxb5 Ba6 10. Qf3 e6 11. Qc6 Bb4 12. Nxc7+ Kf8 13. Nxa6 Ne5 14. Qe4 Nd3+ 15. Ke2 Nxc1+ 16. Rxc1 Qxd2+ 17. Kf3 Be7 18. Nh3 Rxa6 19. Rhd1 Qa5 20. Ke2 Bf6 21. Qb7 Ra8 22. Rc7 Kg8 23. Kf1 Rf8 24. Rxf7 Nd5 25. Rxd5 exd5 26. Bxd5 Qxd5 27. Rxf8+ 1-0

[Event "Ostravsky Konik-A 2019"]
[Site "Ostrava"]
[Date "2019.05.01"]
[Round "5.6"]
[White "Potomak, Vladimir"]
[Black "Orzechowski, Jacek"]
[Result "1/2-1/2"]
[ECO "E62"]
[WhiteElo "2102"]
[BlackElo "2139"]
[Annotator "NA"]
[PlyCount "29"]
[EventDate "2019.04.27"]
[EventType "swiss"]
[EventCountry "CZE"]
[SourceTitle "playchess.com"]
[Source "ChessBase"]
[SourceQuality "1"]
[TimeControl "40/5400+30:1800+30"]

1. c4 g6 2. d4 Bg7 3. Nf3 Nf6 4. g3 O-O 5. Bg2 d6 6. O-O Nc6 7. Nc3 e5 8. d5 Ne7 9. c5 e4 10. cxd6 Qxd6 11. Ng5 Nfxd5 12. Nxd5 Nxd5 13. Nxe4 Qe5 14. Ng5 c6 15. Nf3 1/2-1/2